Montreal Canadiens vs Boston Bruins

Created - lundi 14 janvier 2019 at 19:00

Goals
1 2 3 T
Montreal Canadiens 1 0 1 2
Boston Bruins 2 0 1 3
Shots
1 2 3 T
Montreal Canadiens 12 9 12 33
Boston Bruins 6 6 17 29

1st period

1. Boston Bruins , Ryan Spooner 5 (Niklas Hjalmarsson 7, Riley Nash 13) at 0:32
2. Boston Bruins , David Pastrnak 14 (Tyler Seguin 30, Brad Marchand 29) at 14:44 (PP)
3. Montreal Canadiens , Chris Wagner 5 (P.K. Subban 13, Matt Hendricks 5) at 17:23

Penalties :
Matt Hendricks (MTL) for Boarding (Minor) at 14:31, Charlie McAvoy (BOS) for Holding (Minor) at 19:02

2nd period

No Goal

Penalties :
Mikhail Sergachev (MTL) for High sticking (Minor) at 4:54, P.K. Subban (MTL) for Hooking (Minor) at 14:06

3rd period

4. Montreal Canadiens , Vladimir Sobotka 10 (Esa Lindell 17, P.K. Subban 14) at 3:20
5. Boston Bruins , Tyler Seguin 20 (Brad Marchand 30, David Pastrnak 15) at 15:56

Penalties :
Torey Krug (BOS) for Interference (Minor) at 12:25

Goalie Stats

Antti Niemi (MTL), 26 saves from 29 shots - (0.897), L, 4-6-2, 59:03 minutes
Tuukka Rask (BOS), 31 saves from 33 shots - (0.939), W, 22-18-1, 60:00 minutes

Players Stats for Montreal Canadiens

Player Name              G  A  P  +/- PIM S  H  SB GA TA FO     MP     PP MP  PK MP  
------------------------------------------------------------------------------------
Alexander Radulov        0  0  0  -1  0   3  1  1  1  2  0/1    15:03   1:38   0:00 
Andrew Shaw              0  0  0   0  0   2  1  0  0  1  4/13   14:19   2:20   0:00 
Anthony Beauvillier      0  0  0  -1  0   0  4  1  0  0  0/2    13:45   1:38   0:00 
Artturi Lehkonen         0  0  0   0  0   0  5  0  0  0  0/0    13:54   0:00   0:03 
Brendan Gallagher        0  0  0   0  0   3  0  0  0  0  1/1    17:23   2:20   1:48 
Charles Hudon            0  0  0   1  0   1  3  0  0  0  0/1    14:48   0:00   2:20 
Chris Wagner             1  0  1   1  0   1  2  0  0  0  1/1    12:55   0:00   0:03 
Esa Lindell              0  1  1   1  0   3  1  0  0  0  0/0    21:56   1:52   2:32 
Francois Beauchemin      0  0  0   0  0   0  0  1  1  0  0/0    17:36   0:00   1:27 
Greg Pateryn             0  0  0   0  0   1  1  2  0  2  0/0    17:28   0:00   1:39 
Jeff Petry               0  0  0  -1  0   1  2  2  1  1  0/0    21:34   2:06   1:39 
Matt Hendricks           0  1  1   1  2   0  4  0  0  0  5/13   12:27   0:00   0:00 
Max Pacioretty           0  0  0   0  0   7  2  0  0  0  0/1    14:05   2:20   0:00 
Mikhail Sergachev        0  0  0  -1  2   0  5  0  0  1  0/0    19:10   2:06   0:00 
P.K. Subban              0  2  2   1  2   4  3  0  0  1  0/0    22:24   1:52   1:05 
Tomas Plekanec           0  0  0   0  0   1  1  0  0  0  4/10   13:51   0:00   0:00 
Tomas Tatar              0  0  0   0  0   5  3  0  0  0  0/0    16:01   0:00   1:48 
Vladimir Sobotka         1  0  1  -1  0   1  2  0  1  0  13/22  17:07   1:38   2:20 

Players Stats for Boston Bruins

Player Name              G  A  P  +/- PIM S  H  SB GA TA FO     MP     PP MP  PK MP  
------------------------------------------------------------------------------------
Adam McQuaid             0  0  0   0  0   0  0  0  0  0  0/0     2:22   0:00   0:34 
Brad Marchand            0  2  2   1  0   4  3  1  1  0  0/1    21:23   2:06   0:00 
Brandon Carlo            0  0  0  -1  0   0  1  2  0  0  0/0    16:23   0:00   3:24 
Charlie McAvoy           0  0  0   1  2   0  2  2  0  0  0/0    23:21   2:52   1:07 
David Pastrnak           1  1  2   1  0   1  4  1  0  0  0/0    17:06   2:06   0:00 
Derek MacKenzie          0  0  0   0  0   0  2  1  0  0  8/11   11:36   0:00   2:29 
Joe Pavelski             0  0  0   0  0   5  3  0  2  0  0/0    17:50   2:05   0:00 
Jonathan Marchessault    0  0  0   0  0   1  2  0  1  0  0/0    17:42   2:05   0:00 
Kevan Miller             0  0  0   1  0   1  1  0  0  0  0/0    20:08   0:00   0:00 
Niklas Hjalmarsson       0  1  1   0  0   1  3  1  0  1  0/0    21:57   1:19   1:56 
Riley Nash               0  1  1  -1  0   5  1  1  1  0  4/9    16:56   0:00   2:29 
Ryan Donato              0  0  0  -1  0   1  2  0  0  1  0/0    13:05   0:00   0:00 
Ryan O'Reilly            0  0  0   0  0   3  2  0  1  1  8/18   20:36   2:05   1:29 
Ryan Spooner             1  0  1  -1  0   2  0  0  1  0  0/1    13:45   0:00   0:00 
Tim Schaller             0  0  0   0  0   0  0  2  0  0  0/0     8:32   0:00   1:29 
Torey Krug               0  0  0   0  2   3  0  2  1  1  0/0    21:43   2:52   0:55 
Tyler Seguin             1  1  2   1  0   1  2  0  0  0  17/25  17:25   2:06   0:00 
Will Butcher             0  0  0  -1  0   1  0  0  0  0  0/0    14:10   1:19   0:00 

3 Stars

1 - David Pastrnak (BOS)
2 - Tyler Seguin (BOS)
3 - Brad Marchand (BOS)

Power Play

Montreal Canadiens - 0 on 2 Attempt(s) - 0.00%
Boston Bruins - 1 on 3 Attempt(s) - 33.33%

Penalty Kill

Montreal Canadiens - 2 on 3 Attempt(s) - 66.67% - Score 0 goal in Penalty Kill
Boston Bruins - 2 on 2 Attempt(s) - 100.00% - Score 0 goal in Penalty Kill

Team Stat

Montreal Canadiens - Hits : 40 - Faceoff Wins : 28 - Blocked Shots : 7 - Penalty Minutes : 6
Boston Bruins - Hits : 28 - Faceoff Wins : 37 - Blocked Shots : 13 - Penalty Minutes : 4

Official

Referees : Brian Pochmara and Kendrick Nicholson
Linesman : Tim Nowak and Bryan Pancich

Game Notes

No Game Note

Finance

Level 1 -- Attendance: 8493 (84.93%) -- Ticket Income fr. 679'440
Level 2 -- Attendance: 1714 (85.70%) -- Ticket Income fr. 119'980
Level 3 -- Attendance: 2993 (85.51%) -- Ticket Income fr. 101'762
Level 4 -- Attendance: 1054 (72.69%) -- Ticket Income fr. 24'242
Luxury Box -- Attendance: 41 (82.00%) -- Ticket Income fr. 9'143
Game was played at the TD Garden.
Total Attendance: 14295 (84.09%)
Total Ticket Income: fr. 934'567
Total Income: fr. 934'567

Montreal Canadiens

5 vs 5 Forward 
   Center                   Left Wing                Right Wing               Time % Phy DF OF 
 1 Vladimir Sobotka         Anthony Beauvillier      Alexander Radulov        25     1   2  2  
 2 Andrew Shaw              Max Pacioretty           Brendan Gallagher        25     1   2  2  
 3 Tomas Plekanec           Tomas Tatar              Artturi Lehkonen         25     1   2  2  
 4 Matt Hendricks           Charles Hudon            Chris Wagner             25     1   2  2  

5 vs 5 Defense 
   Defense                  Defense                                           Time % Phy DF OF 
 1 Esa Lindell              P.K. Subban                                       35     1   2  2  
 2 Mikhail Sergachev        Jeff Petry                                        35     1   2  2  
 3 Francois Beauchemin      Greg Pateryn                                      30     1   2  2  
 4 Jeff Petry               P.K. Subban                                       0      1   2  2  

PowerPlay Forward 
   Center                   Left Wing                Right Wing               Time % Phy DF OF 
 1 Vladimir Sobotka         Anthony Beauvillier      Alexander Radulov        50     1   2  2  
 2 Andrew Shaw              Max Pacioretty           Brendan Gallagher        50     1   2  2  

PowerPlay Defense
   Defense                  Defense                                           Time % Phy DF OF 
 1 Esa Lindell              P.K. Subban                                       50     1   2  2  
 2 Mikhail Sergachev        Jeff Petry                                        50     1   2  2  

Penalty Kill 4 Players Forward 
   Center                   Wing                     Time % Phy DF OF 
 1 Brendan Gallagher        Tomas Tatar              50     1   2  2  
 2 Vladimir Sobotka         Charles Hudon            50     1   2  2  

Penalty Kill 4 Players Defense
   Defense                  Defense                  Time % Phy DF OF 
 1 Esa Lindell              P.K. Subban              50     1   2  2  
 2 Greg Pateryn             Jeff Petry               50     1   2  2  

Penalty Kill - 3 Players Forward 
   Forward                                           Time % Phy DF OF 
 1 Brendan Gallagher                                 50     1   2  2  
 2 Charles Hudon                                     50     1   2  2  

Penalty Kill - 3 Players Defense
   Defense                  Defense                  Time % Phy DF OF 
 1 Esa Lindell              P.K. Subban              50     1   2  2  
 2 Greg Pateryn             Jeff Petry               50     1   2  2  

4 vs 4 Forward 
   Center                   Wing                     Time % Phy DF OF 
 1 Andrew Shaw              Max Pacioretty           50     1   2  2  
 2 Vladimir Sobotka         Alexander Radulov        50     1   2  2  

4 vs 4 Defense
   Defense                  Defense                  Time % Phy DF OF 
 1 Esa Lindell              P.K. Subban              50     1   2  2  
 2 Mikhail Sergachev        Jeff Petry               50     1   2  2  

Last Minutes Offensive
   Center                   Left Wing                Right Wing               Defense                  Defense                  
   Vladimir Sobotka         Brendan Gallagher        Alexander Radulov        Jeff Petry               P.K. Subban              

Last Minutes Defensive
   Center                   Left Wing                Right Wing               Defense                  Defense                  
   Tomas Plekanec           Matt Hendricks           Chris Wagner             Jeff Petry               P.K. Subban              

Goaltenders
Starting : Antti Niemi              
Backup : Carey Price              

Extra Forwards
Normal : Brendan Gallagher, Alexander Radulov, Tomas Tatar - PP : Tomas Tatar, Artturi Lehkonen - PK : Artturi Lehkonen
Extra Defensemen
Normal : P.K. Subban, Jeff Petry, Esa Lindell - PP : Francois Beauchemin - PK : P.K. Subban, Francois Beauchemin
Penalty Shots
Alexander Radulov, Tomas Tatar, Brendan Gallagher, Anthony Beauvillier, Max Pacioretty
Custom OT Lines Forwards
Vladimir Sobotka, Alexander Radulov, Brendan Gallagher, Max Pacioretty, Andrew Shaw, Tomas Tatar, Anthony Beauvillier, Charles Hudon, Tomas Plekanec, Artturi Lehkonen
Custom OT Lines Defensemen
P.K. Subban, Jeff Petry, Mikhail Sergachev, Esa Lindell, Francois Beauchemin

Scratches
Kenny Agostino (Healthy), Al Montoya (Healthy), Alex Lyon (Healthy)

Boston Bruins

5 vs 5 Forward 
   Center                   Left Wing                Right Wing               Time % Phy DF OF 
 1 Tyler Seguin             Brad Marchand            David Pastrnak           33     0   2  3  
 2 Ryan O'Reilly            Jonathan Marchessault    Joe Pavelski             31     0   2  3  
 3 Riley Nash               Ryan Donato              Ryan Spooner             23     1   2  2  
 4 Derek MacKenzie          Brad Marchand            Tim Schaller             13     1   3  1  

5 vs 5 Defense 
   Defense                  Defense                                           Time % Phy DF OF 
 1 Charlie McAvoy           Kevan Miller                                      38     1   2  2  
 2 Torey Krug               Niklas Hjalmarsson                                37     1   2  2  
 3 Will Butcher             Brandon Carlo                                     25     1   2  2  
 4 Charlie McAvoy           Torey Krug                                        0      1   2  2  

PowerPlay Forward 
   Center                   Left Wing                Right Wing               Time % Phy DF OF 
 1 Tyler Seguin             Brad Marchand            David Pastrnak           50     1   1  3  
 2 Ryan O'Reilly            Jonathan Marchessault    Joe Pavelski             50     1   1  3  

PowerPlay Defense
   Defense                  Defense                                           Time % Phy DF OF 
 1 Charlie McAvoy           Torey Krug                                        60     1   1  3  
 2 Will Butcher             Niklas Hjalmarsson                                40     1   1  3  

Penalty Kill 4 Players Forward 
   Center                   Wing                     Time % Phy DF OF 
 1 Derek MacKenzie          Riley Nash               55     1   3  1  
 2 Ryan O'Reilly            Tim Schaller             45     1   3  1  

Penalty Kill 4 Players Defense
   Defense                  Defense                  Time % Phy DF OF 
 1 Torey Krug               Charlie McAvoy           50     1   3  1  
 2 Niklas Hjalmarsson       Brandon Carlo            50     1   3  1  

Penalty Kill - 3 Players Forward 
   Forward                                           Time % Phy DF OF 
 1 Derek MacKenzie                                   50     1   4  0  
 2 Riley Nash                                        50     1   4  0  

Penalty Kill - 3 Players Defense
   Defense                  Defense                  Time % Phy DF OF 
 1 Will Butcher             Brandon Carlo            50     1   2  2  
 2 Charlie McAvoy           Niklas Hjalmarsson       50     1   2  2  

4 vs 4 Forward 
   Center                   Wing                     Time % Phy DF OF 
 1 Tyler Seguin             Brad Marchand            50     1   1  3  
 2 Joe Pavelski             David Pastrnak           50     1   1  3  

4 vs 4 Defense
   Defense                  Defense                  Time % Phy DF OF 
 1 Charlie McAvoy           Torey Krug               50     1   2  2  
 2 Brandon Carlo            Will Butcher             50     1   2  2  

Last Minutes Offensive
   Center                   Left Wing                Right Wing               Defense                  Defense                  
   Tyler Seguin             Brad Marchand            David Pastrnak           Charlie McAvoy           Torey Krug               

Last Minutes Defensive
   Center                   Left Wing                Right Wing               Defense                  Defense                  
   Ryan O'Reilly            Derek MacKenzie          Riley Nash               Kevan Miller             Niklas Hjalmarsson       

Goaltenders
Starting : Tuukka Rask              
Backup : Aaron Dell               

Extra Forwards
Normal : David Pastrnak, Ryan Spooner, Tyler Seguin - PP : Riley Nash, Ryan Spooner - PK : Tyler Seguin
Extra Defensemen
Normal : Will Butcher, Brandon Carlo, Charlie McAvoy - PP : Will Butcher - PK : Brandon Carlo, Charlie McAvoy
Penalty Shots
Riley Nash, Tyler Seguin, Ryan O'Reilly, Joe Pavelski, David Pastrnak
Custom OT Lines Forwards
Brad Marchand, Tyler Seguin, Ryan O'Reilly, Joe Pavelski, David Pastrnak, Jonathan Marchessault, Riley Nash, Ryan Spooner, Tim Schaller, Derek MacKenzie
Custom OT Lines Defensemen
Charlie McAvoy, Torey Krug, Brandon Carlo, Niklas Hjalmarsson, Will Butcher

Scratches
Antoine Roussel (Healthy), Noel Acciari (Healthy), Austin Czarnik (Healthy)

% Time on Ice - Montreal Canadiens

Lines # - Real PCT - Wanted PCT - Time Play
Normal Forward
1 - 25% - 25% - 12:45
2 - 23% - 25% - 11:45
3 - 27% - 25% - 13:51
4 - 25% - 25% - 12:28
Normal Defense
1 - 34% - 35% - 17:18
2 - 34% - 35% - 17:29
3 - 30% - 30% - 15:25
4 - 1% - 0% - 0:37
PP Forward
1 - 41% - 50% - 1:38
2 - 59% - 50% - 2:20
PP Defense
1 - 47% - 50% - 1:52
2 - 53% - 50% - 2:06
PK Forward
1 - 44% - 50% - 1:51
2 - 56% - 50% - 2:20
PK Defense
1 - 61% - 50% - 2:32
2 - 39% - 50% - 1:39
PK3 Forward
1 - 0% - 50%
2 - 0% - 50%
PK3 Defense
1 - 0% - 50%
2 - 0% - 50%
44 Forward
1 - 0% - 50%
2 - 0% - 50%
44 Defense
1 - 0% - 50%
2 - 0% - 50%
Last Minute Offensive  - 1:02
Last Minute Defensive  - 0:00
Total
Forward - 60:00
Defense - 60:00

% Time on Ice - Boston Bruins

Lines # - Real PCT - Wanted PCT - Time Play
Normal Forward
1 - 29% - 33% - 14:52
2 - 31% - 31% - 15:48
3 - 26% - 23% - 13:05
4 - 14% - 13% - 6:52
Normal Defense
1 - 39% - 38% - 19:49
2 - 35% - 37% - 17:52
3 - 26% - 25% - 12:56
4 - 0% - 0% - 0:00
PP Forward
1 - 50% - 50% - 2:06
2 - 50% - 50% - 2:05
PP Defense
1 - 69% - 60% - 2:52
2 - 31% - 40% - 1:19
PK Forward
1 - 63% - 55% - 2:29
2 - 37% - 45% - 1:29
PK Defense
1 - 51% - 50% - 2:02
2 - 49% - 50% - 1:56
PK3 Forward
1 - 0% - 50%
2 - 0% - 50%
PK3 Defense
1 - 0% - 50%
2 - 0% - 50%
44 Forward
1 - 0% - 50%
2 - 0% - 50%
44 Defense
1 - 0% - 50%
2 - 0% - 50%
Last Minute Offensive  - 0:00
Last Minute Defensive  - 1:14
Total
Forward - 60:00
Defense - 60:00

Play-by-Play

1st period


0:01 of 1st period - Tyler Seguin wins face-off versus Vladimir Sobotka in neutral zone.
0:16 of 1st period - Snap shot by Brad Marchand.
0:16 of 1st period - Stopped by Antti Niemi with a rebound.
0:28 of 1st period - Snap shot by Riley Nash.
0:28 of 1st period - Stopped by Antti Niemi with a rebound.
0:30 of 1st period - Snap shot by Niklas Hjalmarsson.
0:30 of 1st period - Shot Misses the Net.
0:32 of 1st period - Wrist shot by Ryan Spooner.
0:32 of 1st period - Goal by Ryan Spooner - Montreal Canadiens : 0 - Boston Bruins : 1.
0:33 of 1st period - Ryan O'Reilly wins face-off versus Andrew Shaw in neutral zone.
0:44 of 1st period - Wrist shot by Max Pacioretty.
0:44 of 1st period - Stopped by Tuukka Rask without a rebound.
0:45 of 1st period - Tomas Plekanec wins face-off versus Derek MacKenzie in Boston Bruins zone.
0:52 of 1st period - Wrist shot by Tomas Tatar.
0:52 of 1st period - Stopped by Tuukka Rask without a rebound.
0:53 of 1st period - Derek MacKenzie wins face-off versus Tomas Plekanec in Boston Bruins zone.
1:19 of 1st period - Ryan O'Reilly is hit by Matt Hendricks and loses puck.
1:37 of 1st period - Off-side.
1:38 of 1st period - Riley Nash wins face-off versus Andrew Shaw in neutral zone.
2:27 of 1st period - Charlie McAvoy is hit by P.K. Subban and loses puck.
3:12 of 1st period - Snap shot by Andrew Shaw.
3:12 of 1st period - Shot Misses the Net.
3:16 of 1st period - Backhand shot by Max Pacioretty.
3:16 of 1st period - Shot Hit the Post.
4:11 of 1st period - Snap shot by David Pastrnak.
4:11 of 1st period - Shot Misses the Net.
4:23 of 1st period - Snap shot by Max Pacioretty.
4:23 of 1st period - Shot Blocked by Charlie McAvoy.
4:25 of 1st period - Slapshot by Mikhail Sergachev.
4:25 of 1st period - Shot Misses the Net.
4:41 of 1st period - Derek MacKenzie is hit by Jeff Petry.
4:51 of 1st period - Brandon Carlo is hit by Artturi Lehkonen and loses puck.
5:42 of 1st period - Max Pacioretty is hit by Ryan O'Reilly.
5:52 of 1st period - Anthony Beauvillier is hit by David Pastrnak and loses puck.
6:02 of 1st period - Snap shot by Anthony Beauvillier.
6:02 of 1st period - Shot Blocked by Charlie McAvoy.
6:12 of 1st period - Kevan Miller is hit by Artturi Lehkonen.
6:39 of 1st period - Torey Krug is hit by Matt Hendricks and loses puck.
6:56 of 1st period - Niklas Hjalmarsson is hit by Artturi Lehkonen and loses puck.
7:37 of 1st period - David Pastrnak is hit by Mikhail Sergachev and loses puck.
8:51 of 1st period - Tim Schaller is hit by Chris Wagner and loses puck.
9:36 of 1st period - Niklas Hjalmarsson is hit by Tomas Plekanec.
9:40 of 1st period - Niklas Hjalmarsson is hit by Tomas Tatar and loses puck.
10:58 of 1st period - David Pastrnak is hit by Esa Lindell and loses puck.
11:05 of 1st period - Charlie McAvoy is hit by Anthony Beauvillier and loses puck.
11:53 of 1st period - Brad Marchand is hit by Jeff Petry.
12:04 of 1st period - Icing by Andrew Shaw.
12:05 of 1st period - Andrew Shaw wins face-off versus Ryan O'Reilly in Montreal Canadiens zone.
12:25 of 1st period - Chris Wagner is hit by Ryan Donato and loses puck.
12:42 of 1st period - Jeff Petry is hit by Tyler Seguin and loses puck.
13:39 of 1st period - Slapshot by Artturi Lehkonen.
13:39 of 1st period - Shot Misses the Net.
13:41 of 1st period - Snap shot by Tomas Tatar.
13:41 of 1st period - Stopped by Tuukka Rask without a rebound.
13:42 of 1st period - Ryan O'Reilly wins face-off versus Tomas Plekanec in Boston Bruins zone.
14:07 of 1st period - Tomas Plekanec is hit by Brandon Carlo and loses puck.
14:26 of 1st period - Snap shot by Tomas Tatar.
14:26 of 1st period - Stopped by Tuukka Rask without a rebound.
14:27 of 1st period - Tyler Seguin wins face-off versus Charles Hudon in Boston Bruins zone.
14:31 of 1st period - Minor Penalty to Matt Hendricks for Boarding.
14:32 of 1st period - Tyler Seguin wins face-off versus Vladimir Sobotka in Montreal Canadiens zone.
14:32 of 1st period - Slapshot by David Pastrnak.
14:32 of 1st period - Deflect By Vladimir Sobotka.
14:32 of 1st period - Shot Misses the Net.
14:32 of 1st period - Puck is out of play.
14:33 of 1st period - Tyler Seguin wins face-off versus Vladimir Sobotka in Montreal Canadiens zone.
14:34 of 1st period - Snap shot by Brad Marchand.
14:34 of 1st period - Shot Misses the Net.
14:44 of 1st period - Wrist shot by David Pastrnak.
14:44 of 1st period - Goal by David Pastrnak - Montreal Canadiens : 0 - Boston Bruins : 2.
14:45 of 1st period - Andrew Shaw wins face-off versus Brad Marchand in neutral zone.
15:35 of 1st period - Vladimir Sobotka is hit by Joe Pavelski and loses puck.
15:54 of 1st period - Snap shot by Alexander Radulov.
15:54 of 1st period - Shot Blocked by Tim Schaller.
15:57 of 1st period - Icing by Tim Schaller.
15:58 of 1st period - Derek MacKenzie wins face-off versus Tomas Plekanec in Boston Bruins zone.
15:58 of 1st period - Derek MacKenzie is hit by Greg Pateryn.
16:29 of 1st period - Off-side.
16:30 of 1st period - Ryan O'Reilly wins face-off versus Andrew Shaw in neutral zone.
16:41 of 1st period - Wrist shot by Jonathan Marchessault.
16:41 of 1st period - Deflect By Joe Pavelski.
16:41 of 1st period - Shot Misses the Net.
16:41 of 1st period - Puck is out of play.
16:42 of 1st period - Matt Hendricks wins face-off versus Tyler Seguin in Montreal Canadiens zone.
16:52 of 1st period - Off-side.
16:53 of 1st period - Tyler Seguin wins face-off versus Vladimir Sobotka in neutral zone.
17:02 of 1st period - Brad Marchand is hit by Anthony Beauvillier and loses puck.
17:19 of 1st period - Snap shot by P.K. Subban.
17:19 of 1st period - Deflect By David Pastrnak.
17:19 of 1st period - Stopped by Tuukka Rask without a rebound.
17:20 of 1st period - Matt Hendricks wins face-off versus Riley Nash in Boston Bruins zone.
17:21 of 1st period - Wrist shot by P.K. Subban.
17:21 of 1st period - Stopped by Tuukka Rask with a rebound.
17:23 of 1st period - Wrist shot by Chris Wagner.
17:23 of 1st period - Goal by Chris Wagner - Montreal Canadiens : 1 - Boston Bruins : 2.
17:24 of 1st period - Andrew Shaw wins face-off versus Tyler Seguin in neutral zone.
17:27 of 1st period - Slapshot by P.K. Subban.
17:27 of 1st period - Stopped by Tuukka Rask without a rebound.
17:28 of 1st period - Tyler Seguin wins face-off versus Andrew Shaw in Boston Bruins zone.
17:35 of 1st period - Slapshot by Torey Krug.
17:35 of 1st period - Shot Misses the Net.
17:52 of 1st period - Off-side.
17:53 of 1st period - Ryan O'Reilly wins face-off versus Matt Hendricks in neutral zone.
17:56 of 1st period - Slapshot by Joe Pavelski.
17:56 of 1st period - Stopped by Antti Niemi with a rebound.
18:20 of 1st period - Snap shot by Ryan Spooner.
18:20 of 1st period - Stopped by Antti Niemi without a rebound.
18:21 of 1st period - Riley Nash wins face-off versus Vladimir Sobotka in Montreal Canadiens zone.
19:02 of 1st period - Minor Penalty to Charlie McAvoy for Holding.
19:03 of 1st period - Vladimir Sobotka wins face-off versus Derek MacKenzie in Boston Bruins zone.
19:05 of 1st period - Wrist shot by Alexander Radulov.
19:05 of 1st period - Stopped by Tuukka Rask without a rebound.
19:06 of 1st period - Vladimir Sobotka wins face-off versus Derek MacKenzie in Boston Bruins zone.
19:13 of 1st period - Slapshot by Alexander Radulov.
19:13 of 1st period - Stopped by Tuukka Rask without a rebound.
19:14 of 1st period - Derek MacKenzie wins face-off versus Andrew Shaw in Boston Bruins zone.
19:23 of 1st period - Wrist shot by Max Pacioretty.
19:23 of 1st period - Stopped by Tuukka Rask without a rebound.
19:24 of 1st period - Derek MacKenzie wins face-off versus Andrew Shaw in Boston Bruins zone.
19:29 of 1st period - Jeff Petry is hit by Derek MacKenzie.
19:47 of 1st period - Snap shot by Max Pacioretty.
19:47 of 1st period - Stopped by Tuukka Rask without a rebound.
19:48 of 1st period - Vladimir Sobotka wins face-off versus Ryan O'Reilly in Boston Bruins zone.
Goals for this period are 1 for Montreal Canadiens vs 2 for Boston Bruins.
Shots for this period are 12 for Montreal Canadiens vs 6 for Boston Bruins.

2nd period


0:01 of 2nd period - Derek MacKenzie wins face-off versus Vladimir Sobotka in neutral zone.
0:31 of 2nd period - Snap shot by Max Pacioretty.
0:31 of 2nd period - Stopped by Tuukka Rask without a rebound.
0:32 of 2nd period - Derek MacKenzie wins face-off versus Andrew Shaw in Boston Bruins zone.
0:43 of 2nd period - Snap shot by Andrew Shaw.
0:43 of 2nd period - Stopped by Tuukka Rask with a rebound.
0:45 of 2nd period - Wrist shot by Max Pacioretty.
0:45 of 2nd period - Shot Blocked by Riley Nash.
1:02 of 2nd period - Penalty to Charlie McAvoy is over, Charlie McAvoy is back on ice.
1:12 of 2nd period - Icing by Mikhail Sergachev.
1:13 of 2nd period - Tyler Seguin wins face-off versus Matt Hendricks in Montreal Canadiens zone.
1:57 of 2nd period - Andrew Shaw is hit by Kevan Miller.
2:36 of 2nd period - Wrist shot by Joe Pavelski.
2:36 of 2nd period - Shot Blocked by Greg Pateryn.
2:40 of 2nd period - Snap shot by Ryan O'Reilly.
2:40 of 2nd period - Stopped by Antti Niemi without a rebound.
2:41 of 2nd period - Vladimir Sobotka wins face-off versus Tyler Seguin in Montreal Canadiens zone.
2:56 of 2nd period - Icing by Esa Lindell.
2:57 of 2nd period - Vladimir Sobotka wins face-off versus Riley Nash in Montreal Canadiens zone.
3:06 of 2nd period - Wrist shot by Alexander Radulov.
3:06 of 2nd period - Stopped by Tuukka Rask without a rebound.
3:07 of 2nd period - Tomas Plekanec wins face-off versus Riley Nash in Boston Bruins zone.
3:08 of 2nd period - Snap shot by Tomas Tatar.
3:08 of 2nd period - Stopped by Tuukka Rask without a rebound.
3:09 of 2nd period - Tyler Seguin wins face-off versus Tomas Plekanec in Boston Bruins zone.
3:09 of 2nd period - Tyler Seguin is hit by P.K. Subban.
3:43 of 2nd period - Wrist shot by Riley Nash.
3:43 of 2nd period - Shot Misses the Net.
4:15 of 2nd period - Brandon Carlo is hit by Max Pacioretty.
4:36 of 2nd period - Wrist shot by David Pastrnak.
4:36 of 2nd period - Deflect By Tyler Seguin.
4:36 of 2nd period - Shot Misses the Net.
4:36 of 2nd period - Puck is out of play.
4:37 of 2nd period - Tyler Seguin wins face-off versus Tomas Plekanec in Montreal Canadiens zone.
4:54 of 2nd period - Minor Penalty to Mikhail Sergachev for High sticking.
4:55 of 2nd period - Brendan Gallagher wins face-off versus Ryan O'Reilly in Montreal Canadiens zone.
5:20 of 2nd period - Jeff Petry is hit by David Pastrnak and loses puck.
5:47 of 2nd period - Wrist shot by P.K. Subban.
5:47 of 2nd period - Shot Blocked by David Pastrnak.
6:49 of 2nd period - P.K. Subban is hit by Tyler Seguin and loses puck.
6:54 of 2nd period - Penalty to Mikhail Sergachev is over, Mikhail Sergachev is back on ice.
7:00 of 2nd period - Brendan Gallagher is hit by Charlie McAvoy and loses puck.
7:07 of 2nd period - Wrist shot by Riley Nash.
7:07 of 2nd period - Stopped by Antti Niemi without a rebound.
7:08 of 2nd period - Vladimir Sobotka wins face-off versus Ryan Spooner in Montreal Canadiens zone.
7:29 of 2nd period - Greg Pateryn is hit by Joe Pavelski and loses puck.
7:42 of 2nd period - Greg Pateryn is hit by Brad Marchand and loses puck.
8:05 of 2nd period - Mikhail Sergachev is hit by Ryan O'Reilly and loses puck.
8:59 of 2nd period - Wrist shot by Joe Pavelski.
8:59 of 2nd period - Shot Blocked by Alexander Radulov.
9:15 of 2nd period - Francois Beauchemin is hit by Derek MacKenzie and loses puck.
9:28 of 2nd period - Snap shot by David Pastrnak.
9:28 of 2nd period - Deflect By Tyler Seguin.
9:28 of 2nd period - Shot Blocked by Francois Beauchemin.
9:28 of 2nd period - Puck is out of play.
9:29 of 2nd period - Andrew Shaw wins face-off versus Tyler Seguin in Montreal Canadiens zone.
9:52 of 2nd period - Joe Pavelski is hit by Chris Wagner and loses puck.
10:11 of 2nd period - Derek MacKenzie is hit by Vladimir Sobotka.
10:27 of 2nd period - Riley Nash is hit by Artturi Lehkonen and loses puck.
10:46 of 2nd period - Tyler Seguin is hit by Andrew Shaw and loses puck.
11:03 of 2nd period - Snap shot by Charles Hudon.
11:03 of 2nd period - Stopped by Tuukka Rask with a rebound.
11:09 of 2nd period - Snap shot by Charles Hudon.
11:09 of 2nd period - Shot Misses the Net.
11:11 of 2nd period - Snap shot by Esa Lindell.
11:11 of 2nd period - Stopped by Tuukka Rask without a rebound.
11:12 of 2nd period - Tyler Seguin wins face-off versus Vladimir Sobotka in Boston Bruins zone.
11:12 of 2nd period - Tyler Seguin is hit by Vladimir Sobotka.
11:42 of 2nd period - Slapshot by P.K. Subban.
11:42 of 2nd period - Stopped by Tuukka Rask without a rebound.
11:43 of 2nd period - Ryan O'Reilly wins face-off versus Tomas Plekanec in Boston Bruins zone.
11:52 of 2nd period - Charlie McAvoy is hit by Mikhail Sergachev and loses puck.
12:09 of 2nd period - Mikhail Sergachev is hit by Ryan Donato and loses puck.
12:20 of 2nd period - Wrist shot by Riley Nash.
12:20 of 2nd period - Shot Hit the Post.
12:30 of 2nd period - Brandon Carlo is hit by Mikhail Sergachev and loses puck.
13:01 of 2nd period - Wrist shot by Tomas Tatar.
13:01 of 2nd period - Stopped by Tuukka Rask with a rebound.
13:09 of 2nd period - Tomas Tatar is hit by Jonathan Marchessault and loses puck.
13:26 of 2nd period - Slapshot by Max Pacioretty.
13:26 of 2nd period - Shot Misses the Net.
13:28 of 2nd period - Wrist shot by Andrew Shaw.
13:28 of 2nd period - Shot Misses the Net.
13:30 of 2nd period - Wrist shot by Brendan Gallagher.
13:30 of 2nd period - Deflect By Max Pacioretty.
13:30 of 2nd period - Stopped by Tuukka Rask with a rebound.
13:57 of 2nd period - Snap shot by Riley Nash.
13:57 of 2nd period - Stopped by Antti Niemi with a rebound.
13:59 of 2nd period - Slapshot by Kevan Miller.
13:59 of 2nd period - Stopped by Antti Niemi without a rebound.
14:00 of 2nd period - Tyler Seguin wins face-off versus Matt Hendricks in Montreal Canadiens zone.
14:06 of 2nd period - Minor Penalty to P.K. Subban for Hooking.
14:07 of 2nd period - Vladimir Sobotka wins face-off versus Ryan O'Reilly in Montreal Canadiens zone.
14:15 of 2nd period - Slapshot by Torey Krug.
14:15 of 2nd period - Stopped by Antti Niemi without a rebound.
14:16 of 2nd period - Vladimir Sobotka wins face-off versus Ryan O'Reilly in Montreal Canadiens zone.
14:27 of 2nd period - Wrist shot by Ryan O'Reilly.
14:27 of 2nd period - Stopped by Antti Niemi without a rebound.
14:28 of 2nd period - Tyler Seguin wins face-off versus Vladimir Sobotka in Montreal Canadiens zone.
14:37 of 2nd period - Snap shot by Brad Marchand.
14:37 of 2nd period - Shot Misses the Net.
16:06 of 2nd period - Penalty to P.K. Subban is over, P.K. Subban is back on ice.
16:16 of 2nd period - P.K. Subban is hit by Charlie McAvoy and loses puck.
16:35 of 2nd period - Wrist shot by Vladimir Sobotka.
16:35 of 2nd period - Shot Blocked by Brad Marchand.
16:37 of 2nd period - Snap shot by Alexander Radulov.
16:37 of 2nd period - Shot Misses the Net.
16:47 of 2nd period - Mikhail Sergachev is hit by Brad Marchand and loses puck.
17:27 of 2nd period - Jonathan Marchessault is hit by Alexander Radulov and loses puck.
18:16 of 2nd period - Tyler Seguin is hit by Mikhail Sergachev and loses puck.
19:07 of 2nd period - Tyler Seguin is hit by Max Pacioretty and loses puck.
19:28 of 2nd period - Jonathan Marchessault is hit by Tomas Tatar and loses puck.
Goals for this period are 0 for Montreal Canadiens vs 0 for Boston Bruins.
Shots for this period are 9 for Montreal Canadiens vs 6 for Boston Bruins.

3rd period


0:01 of 3rd period - Tyler Seguin wins face-off versus Matt Hendricks in neutral zone.
0:12 of 3rd period - Niklas Hjalmarsson is hit by Matt Hendricks and loses puck.
0:25 of 3rd period - Max Pacioretty is hit by Joe Pavelski and loses puck.
0:30 of 3rd period - Snap shot by Joe Pavelski.
0:30 of 3rd period - Stopped by Antti Niemi with a rebound.
0:32 of 3rd period - Slapshot by Torey Krug.
0:32 of 3rd period - Stopped by Antti Niemi with a rebound.
1:30 of 3rd period - Charlie McAvoy is hit by Charles Hudon and loses puck.
1:56 of 3rd period - Snap shot by Brad Marchand.
1:56 of 3rd period - Deflect By Tyler Seguin.
1:56 of 3rd period - Shot Blocked by Jeff Petry.
1:56 of 3rd period - Puck is out of play.
1:57 of 3rd period - Tyler Seguin wins face-off versus Andrew Shaw in Montreal Canadiens zone.
2:02 of 3rd period - Snap shot by Brad Marchand.
2:02 of 3rd period - Stopped by Antti Niemi with a rebound.
2:12 of 3rd period - Snap shot by David Pastrnak.
2:12 of 3rd period - Shot Blocked by Greg Pateryn.
2:18 of 3rd period - Francois Beauchemin is hit by David Pastrnak and loses puck.
2:49 of 3rd period - Wrist shot by Max Pacioretty.
2:49 of 3rd period - Stopped by Tuukka Rask without a rebound.
2:50 of 3rd period - Ryan O'Reilly wins face-off versus Matt Hendricks in Boston Bruins zone.
3:02 of 3rd period - Wrist shot by Jonathan Marchessault.
3:02 of 3rd period - Deflect By Joe Pavelski.
3:02 of 3rd period - Stopped by Antti Niemi with a rebound.
3:04 of 3rd period - Snap shot by Jonathan Marchessault.
3:04 of 3rd period - Stopped by Antti Niemi with a rebound.
3:06 of 3rd period - Slapshot by Jonathan Marchessault.
3:06 of 3rd period - Shot Misses the Net.
3:18 of 3rd period - Snap shot by Esa Lindell.
3:18 of 3rd period - Stopped by Tuukka Rask with a rebound.
3:20 of 3rd period - Slapshot by Vladimir Sobotka.
3:20 of 3rd period - Goal by Vladimir Sobotka - Montreal Canadiens : 2 - Boston Bruins : 2.
3:21 of 3rd period - Tyler Seguin wins face-off versus Matt Hendricks in neutral zone.
3:21 of 3rd period - David Pastrnak is hit by Matt Hendricks and loses puck.
3:47 of 3rd period - Joe Pavelski is hit by P.K. Subban and loses puck.
3:52 of 3rd period - Slapshot by Tomas Plekanec.
3:52 of 3rd period - Shot Misses the Net.
3:58 of 3rd period - Francois Beauchemin is hit by Jonathan Marchessault and loses puck.
4:15 of 3rd period - Wrist shot by Riley Nash.
4:15 of 3rd period - Stopped by Antti Niemi without a rebound.
4:16 of 3rd period - Matt Hendricks wins face-off versus Tyler Seguin in Montreal Canadiens zone.
4:45 of 3rd period - Wrist shot by Andrew Shaw.
4:45 of 3rd period - Stopped by Tuukka Rask without a rebound.
4:46 of 3rd period - Ryan O'Reilly wins face-off versus Andrew Shaw in Boston Bruins zone.
4:55 of 3rd period - Snap shot by Ryan O'Reilly.
4:55 of 3rd period - Stopped by Antti Niemi without a rebound.
4:56 of 3rd period - Matt Hendricks wins face-off versus Ryan O'Reilly in Montreal Canadiens zone.
5:13 of 3rd period - Snap shot by Joe Pavelski.
5:13 of 3rd period - Stopped by Antti Niemi with a rebound.
5:15 of 3rd period - Snap shot by Torey Krug.
5:15 of 3rd period - Stopped by Antti Niemi without a rebound.
5:16 of 3rd period - Vladimir Sobotka wins face-off versus Tyler Seguin in Montreal Canadiens zone.
6:07 of 3rd period - Ryan Donato is hit by Charles Hudon and loses puck.
6:46 of 3rd period - Wrist shot by Anthony Beauvillier.
6:46 of 3rd period - Shot Misses the Net.
7:04 of 3rd period - Snap shot by Tomas Plekanec.
7:04 of 3rd period - Stopped by Tuukka Rask without a rebound.
7:05 of 3rd period - Riley Nash wins face-off versus Matt Hendricks in Boston Bruins zone.
7:12 of 3rd period - Slapshot by Niklas Hjalmarsson.
7:12 of 3rd period - Stopped by Antti Niemi without a rebound.
7:13 of 3rd period - Chris Wagner wins face-off versus Tyler Seguin in Montreal Canadiens zone.
7:13 of 3rd period - Chris Wagner is hit by Brad Marchand.
7:19 of 3rd period - Snap shot by Charles Hudon.
7:19 of 3rd period - Shot Misses the Net.
7:23 of 3rd period - Slapshot by Matt Hendricks.
7:23 of 3rd period - Deflect By Charles Hudon.
7:23 of 3rd period - Shot Blocked by Torey Krug.
7:23 of 3rd period - Puck is out of play.
7:24 of 3rd period - Tyler Seguin wins face-off versus Anthony Beauvillier in Boston Bruins zone.
7:24 of 3rd period - Tyler Seguin is hit by Anthony Beauvillier.
7:36 of 3rd period - Wrist shot by Brad Marchand.
7:36 of 3rd period - Stopped by Antti Niemi with a rebound.
7:46 of 3rd period - Vladimir Sobotka is hit by Niklas Hjalmarsson and loses puck.
8:20 of 3rd period - Wrist shot by Artturi Lehkonen.
8:20 of 3rd period - Shot Misses the Net.
8:28 of 3rd period - Snap shot by Max Pacioretty.
8:28 of 3rd period - Stopped by Tuukka Rask with a rebound.
8:30 of 3rd period - Snap shot by Andrew Shaw.
8:30 of 3rd period - Shot Misses the Net.
8:49 of 3rd period - Brad Marchand is hit by Charles Hudon.
9:46 of 3rd period - Snap shot by Riley Nash.
9:46 of 3rd period - Shot Misses the Net.
11:03 of 3rd period - Icing by Joe Pavelski.
11:04 of 3rd period - Matt Hendricks wins face-off versus Ryan O'Reilly in Boston Bruins zone.
11:31 of 3rd period - Snap shot by Will Butcher.
11:31 of 3rd period - Shot Misses the Net.
11:33 of 3rd period - Snap shot by Ryan Spooner.
11:33 of 3rd period - Deflect By Ryan Donato.
11:33 of 3rd period - Stopped by Antti Niemi without a rebound.
11:34 of 3rd period - Tomas Plekanec wins face-off versus Riley Nash in Montreal Canadiens zone.
11:34 of 3rd period - Tomas Plekanec is hit by Riley Nash.
11:42 of 3rd period - Tomas Tatar is hit by Niklas Hjalmarsson and loses puck.
12:01 of 3rd period - Wrist shot by Riley Nash.
12:01 of 3rd period - Shot Blocked by Jeff Petry.
12:03 of 3rd period - Slapshot by Will Butcher.
12:03 of 3rd period - Stopped by Antti Niemi without a rebound.
12:04 of 3rd period - Vladimir Sobotka wins face-off versus Tyler Seguin in Montreal Canadiens zone.
12:17 of 3rd period - Wrist shot by Alexander Radulov.
12:17 of 3rd period - Shot Blocked by Torey Krug.
12:19 of 3rd period - Snap shot by Anthony Beauvillier.
12:19 of 3rd period - Shot Misses the Net.
12:25 of 3rd period - Minor Penalty to Torey Krug for Interference.
12:26 of 3rd period - Derek MacKenzie wins face-off versus Alexander Radulov in Boston Bruins zone.
12:26 of 3rd period - Derek MacKenzie is hit by Anthony Beauvillier.
12:56 of 3rd period - Backhand shot by P.K. Subban.
12:56 of 3rd period - Shot Blocked by Tim Schaller.
12:58 of 3rd period - Slapshot by P.K. Subban.
12:58 of 3rd period - Deflect By Brendan Gallagher.
12:58 of 3rd period - Shot Blocked by Brandon Carlo.
12:58 of 3rd period - Puck is out of play.
12:59 of 3rd period - Ryan O'Reilly wins face-off versus Max Pacioretty in Boston Bruins zone.
13:39 of 3rd period - Slapshot by Brendan Gallagher.
13:39 of 3rd period - Stopped by Tuukka Rask with a rebound.
13:41 of 3rd period - Backhand shot by Jeff Petry.
13:41 of 3rd period - Shot Misses the Net.
14:00 of 3rd period - Off-side.
14:01 of 3rd period - Derek MacKenzie wins face-off versus Anthony Beauvillier in neutral zone.
14:25 of 3rd period - Penalty to Torey Krug is over, Torey Krug is back on ice.
14:38 of 3rd period - Francois Beauchemin is hit by David Pastrnak and loses puck.
14:47 of 3rd period - Wrist shot by Brad Marchand.
14:47 of 3rd period - Stopped by Antti Niemi without a rebound.
14:48 of 3rd period - Tomas Plekanec wins face-off versus Ryan O'Reilly in Montreal Canadiens zone.
14:53 of 3rd period - Ryan O'Reilly is hit by Artturi Lehkonen and loses puck.
15:18 of 3rd period - Snap shot by Matt Hendricks.
15:18 of 3rd period - Shot Misses the Net.
15:20 of 3rd period - Slapshot by Greg Pateryn.
15:20 of 3rd period - Stopped by Tuukka Rask without a rebound.
15:21 of 3rd period - Tyler Seguin wins face-off versus Vladimir Sobotka in Boston Bruins zone.
15:40 of 3rd period - Snap shot by Tyler Seguin.
15:40 of 3rd period - Shot Blocked by Anthony Beauvillier.
15:56 of 3rd period - Wrist shot by Tyler Seguin.
15:56 of 3rd period - Goal by Tyler Seguin - Montreal Canadiens : 2 - Boston Bruins : 3.
15:57 of 3rd period - Riley Nash wins face-off versus Matt Hendricks in neutral zone.
16:00 of 3rd period - P.K. Subban is hit by Niklas Hjalmarsson and loses puck.
16:45 of 3rd period - Joe Pavelski is hit by Mikhail Sergachev and loses puck.
17:17 of 3rd period - Riley Nash is hit by Tomas Tatar and loses puck.
17:40 of 3rd period - Snap shot by Joe Pavelski.
17:40 of 3rd period - Stopped by Antti Niemi with a rebound.
18:11 of 3rd period - Slapshot by Charles Hudon.
18:11 of 3rd period - Shot Blocked by Brandon Carlo.
18:29 of 3rd period - Slapshot by Brendan Gallagher.
18:29 of 3rd period - Shot Blocked by Niklas Hjalmarsson.
18:31 of 3rd period - Slapshot by Esa Lindell.
18:31 of 3rd period - Stopped by Tuukka Rask with a rebound.
18:33 of 3rd period - Wrist shot by Andrew Shaw.
18:33 of 3rd period - Shot Misses the Net.
18:35 of 3rd period - Wrist shot by Brendan Gallagher.
18:35 of 3rd period - Shot Misses the Net.
18:37 of 3rd period - Snap shot by Andrew Shaw.
18:37 of 3rd period - Shot Misses the Net.
18:39 of 3rd period - Slapshot by Max Pacioretty.
18:39 of 3rd period - Shot Misses the Net.
18:57 of 3rd period - Snap shot by Riley Nash.
18:57 of 3rd period - Stopped by Antti Niemi without a rebound.
18:58 of 3rd period - Michel Therrien call a timeout for Montreal Canadiens.
18:58 of 3rd period - Vladimir Sobotka wins face-off versus Ryan O'Reilly in Montreal Canadiens zone.
19:03 of 3rd period - Montreal Canadiens, Antti Niemi is pulled from the net.
19:11 of 3rd period - Slapshot by Vladimir Sobotka.
19:11 of 3rd period - Shot Misses the Net.
19:13 of 3rd period - Wrist shot by Alexander Radulov.
19:13 of 3rd period - Shot Misses the Net.
19:15 of 3rd period - Snap shot by Jeff Petry.
19:15 of 3rd period - Shot Blocked by Derek MacKenzie.
19:17 of 3rd period - Wrist shot by Jeff Petry.
19:17 of 3rd period - Stopped by Tuukka Rask with a rebound.
19:25 of 3rd period - Slapshot by Brendan Gallagher.
19:25 of 3rd period - Stopped by Tuukka Rask without a rebound.
19:26 of 3rd period - Vladimir Sobotka wins face-off versus Ryan O'Reilly in Boston Bruins zone.
19:27 of 3rd period - Slapshot by Brendan Gallagher.
19:27 of 3rd period - Shot Misses the Net.
19:47 of 3rd period - Slapshot by Brendan Gallagher.
19:47 of 3rd period - Stopped by Tuukka Rask without a rebound.
19:48 of 3rd period - Vladimir Sobotka wins face-off versus Riley Nash in Boston Bruins zone.
Goals for this period are 1 for Montreal Canadiens vs 1 for Boston Bruins.
Shots for this period are 12 for Montreal Canadiens vs 17 for Boston Bruins.